 Dungeon Crawl Stone Soup version 0.31.0-12-g77e489cdc1 (webtiles) character file.

Game seed: 6360915683211177219

39529 Curundu the Severer (level 13, -1/125 HPs)
             Began as a Minotaur Berserker on Feb 23, 2024.
             Was an Elder of Trog.
             Slain by a two-headed ogre
             ... wielding a +0 giant club
              (11 damage)
             ... on level 15 of the Dungeon.
             The game lasted 00:57:44 (15440 turns).

Curundu the Severer (Minotaur Berserker)           Turns: 15440, Time: 00:57:44

Health: -1/125     AC: 22    Str: 32    XL:     13   Next: 69%
Magic:  12/12      EV: 10    Int:  9    God:    Trog [****..]
Gold:   967        SH:  5    Dex:  9    Spells: 12/12 levels left

rFire   . . .        k - +3 war axe
rCold   . . .        G - +0 buckler
rNeg    . . .        c - +2 plate armour
rPois   +            (helmet restricted)
rElec   .            i - +0 cloak of Kot Poqeh {rPois rCorr Int+5 Dex-2}
rCorr   +            (no gloves)
SInv    .            J - +1 pair of boots {Stlth+}
Will    ++...        (no amulet) Stlth
                     n - +4 ring of slaying
HPRegen 1.40/turn    B - +6 ring of strength
MPRegen 0.13/turn

%: no passive effects
@: about to teleport, strong-willed, on berserk cooldown, regenerating, slowed,
very slow
A: horns 2, retaliatory headbutt
a: Renounce Religion, Berserk, Trog's Hand, Brothers in Arms


You were on level 15 of the Dungeon.
You worshipped Trog.
Trog was greatly pleased with you.
You visited 2 branches of the dungeon, and saw 16 of its levels.
You also visited: Ossuary and Gauntlet.

You collected 1116 gold pieces.
You spent 149 gold pieces at shops.

Inventory:

Hand Weapons
 k - a +3 war axe (weapon)
 A - a +1 scimitar of flaming
 E - the +7 dire flail of Wowoudua {venom, rN+ Will+}
   (You took it off a two-headed ogre on level 10 of the Dungeon)

   rN+:       It protects you from negative energy.
   Will+:     It increases your willpower.
Missiles
 K - 8 silver javelins (quivered)
Armour
 c - a +2 plate armour (worn)
 i - the +0 cloak of Kot Poqeh (worn) {rPois rCorr Int+5 Dex-2}
   (You found it in a Gauntlet)

   Int+5:     It affects your intelligence (+5).
   Dex-2:     It affects your dexterity (-2).
   rPois:     It protects you from poison rCorr: It protects you from acid and
   corrosion.
 j - a +1 cloak
 G - a +0 buckler (worn)
 J - a +1 pair of boots of stealth (worn)
Jewellery
 a - a ring of poison resistance
 e - an amulet of reflection
 h - a ring of protection from cold
 n - a +4 ring of slaying (left hand)
 q - a ring of flight
 t - a ring of the Octopus King {rCorr HP+2 AC+2 EV+2 SH+2}
   (You took it off a minotaur in a Gauntlet)

   [ring of resist corrosion]

   AC+2:      It affects your AC (+2).
   EV+2:      It affects your evasion (+2).
   HP+2:      It affects your health (+2).
   rCorr:     It protects you from acid and corrosion.
   SH+2:      It affects your SH (+2).
 B - a +6 ring of strength (right hand)
Wands
 d - a wand of flame (20)
 m - a wand of digging (6)
 F - a wand of paralysis (14)
 I - a wand of acid (7)
 M - a wand of roots (6)
Scrolls
 f - 5 scrolls of fog
 o - a scroll of vulnerability
 p - 3 scrolls of enchant weapon
 r - 8 scrolls of teleportation
 s - 8 scrolls of identify
 y - 6 scrolls of poison
 C - a scroll of fear
 D - a scroll of torment
 H - a scroll of enchant armour
 L - a scroll of brand weapon {unknown}
 O - a scroll of blinking {unknown}
 P - a scroll of silence {unknown}
 Q - a scroll of revelation
Potions
 b - 3 potions of lignification
 g - 2 potions of haste
 l - 3 potions of enlightenment
 u - 2 potions of invisibility {unknown}
 v - 2 potions of heal wounds
 w - 3 potions of curing
 x - 2 potions of mutation
 z - a potion of attraction
Miscellaneous
 N - a lightning rod (4/4)


   Skills:
 + Level 14.4 Fighting
 + Level 0.6 Long Blades
 + Level 17.8(17.9) Axes
 + Level 4.1(12.3) Maces & Flails
 + Level 14.5 Armour
 * Level 6.7 Dodging
 - Level 1.0 Stealth
 * Level 5.6 Shields


You had 12 spell levels left.
You didn't know any spells.
Your spell library was empty.

Dungeon Overview and Level Annotations

Branches:
Dungeon (15/15)            Temple (1/1) D:4            Lair (0/5) D:8
    Orc (0/2) D:12         Vaults (0/5) D:13        Ossuary (visited)
Gauntlet (visited)
 Depths: D:15

Altars:
Ashenzari
Cheibriados
Dithmenos
Elyvilon
Fedhas
Gozag
Hepliaklqana
Kikubaaqudgha
Makhleb
Nemelex Xobeh
Okawaru
Qazlal
Ru
Sif Muna
Trog
Uskayaw
Vehumet
Wu Jian
Xom
Yredelemnul
Zin
The Shining One

Shops:
D:10 ?   D:13 (

Annotations:
D:14 2 transporters, cdecastro's ghost, journeyman DrSh


Innate Abilities, Weirdness & Mutations

You have a pair of horns on your head.
You reflexively headbutt those who attack you in melee.


Message History

You slice something!!
The stone giant throws a large rock.
The large rock barely misses you.
You slice the two-headed ogre!!
The two-headed ogre is heavily wounded.
You slash something!
You hear some strange, mumbled words.
The two-headed ogre seems to speed up.
The stone giant throws a large rock.
The large rock barely misses you.
A wolf spider comes into view.
You block the two-headed ogre's attack.
The two-headed ogre barely misses you. x2
The two-headed ogre hits you with a +0 giant club.
An ogre comes into view. It is wielding a +0 giant spiked club.
The two-headed ogre barely misses you. x2; Something hits you.
You hit the two-headed ogre.
The two-headed ogre is lightly wounded.
You hit the stone giant but do no damage.
You slice something!! Trog accepts your kill.
Trog appreciates your killing of a magic user.
Reactivating autopickup.
You feel a bit more experienced.
You slash the two-headed ogre!
The two-headed ogre hits you with a +0 giant club!
You block the two-headed ogre's attack.
The two-headed ogre hits you with a +0 giant club!
* * * LOW HITPOINT WARNING * * *
The two-headed ogre hits you but does no damage.
The stone giant hits you but does no damage.
An ogre comes into view. It is wielding a +0 giant club.
As you read the scroll of teleportation, it crumbles to dust.
You feel strangely unstable.
The wolf spider hits you but does no damage.
The wolf spider bites you but does no damage.
The wolf spider hits you but does no damage.
You block the wolf spider's attack.
The two-headed ogre hits you with a +0 giant club!!
* * * LOW HITPOINT WARNING * * *
The two-headed ogre barely misses you.
The two-headed ogre hits you but does no damage.
The two-headed ogre hits you with a +0 giant club!
You die...

## .# .. #'## #.
.#.. #. ....#O###
...#OO.######
#.#O#@#...... .
#Cs)......
#.#......... ####
#####.#.).######
....
........[[#########
....
...................
....
...................
....
...................
.....
...................


You could see a stone giant, a wolf spider, 2 two-headed ogres and an ogre.

Vanquished Creatures
  A minotaur (Gauntlet)
  Josephine (D:12)
  A great orb of eyes (Gauntlet)
  3 hydras
  Erica (D:9)
  An ogre mage (D:15)
  3 centaur warriors
  The ghost of knightboat the Fighter, a novice MiHu of Okawaru (D:10)
  A catoblepas (D:14)
  2 boulder beetles (D:13)
  2 tengu warriors (D:13)
  10 two-headed ogres
  An orb spider (shapeshifter) (D:11)
  A deep troll (D:15)
  A deep elf pyromancer (D:13)
  A necromancer (D:15)
  A lightning spire (Gauntlet)
  A deep elf zephyrmancer (D:13)
  5 cyclopes
  An ugly thing (Gauntlet)
  2 manticores
  A cane toad (shapeshifter) (D:15)
  An unseen horror (D:12)
  A kobold demonologist (D:11)
  A komodo dragon (D:13)
  3 tengu conjurers
  4 trolls
  2 raiju (Gauntlet)
  Grinder (D:5)
  Sigmund (D:6)
  14 slime creatures
  A shadow (D:11)
  A wyvern (D:8)
  14 yaks
  4 wraiths
  A basilisk (D:13)
  A steam dragon (D:8)
  2 water elementals (D:11)
  A warg (D:12)
  Eustachio (D:6)
  16 vampire mosquitoes
  A naga (shapeshifter) (D:14)
  3 water moccasins
  3 black bears
  An ice beast (D:8)
  2 orc warriors
  A sky beast (D:8)
  2 laughing skulls (D:15)
  An ogre (D:7)
  6 centaurs
  2 phantoms
  3 elf zombies (Ossuary)
  7 kobold brigands
  4 bullfrogs
  3 gnoll sergeants
  2 scorpions (D:4)
  16 wights
  4 killer bees (D:10)
  A howler monkey (D:7)
  6 electric eels (D:11)
  A bombardier beetle (D:5)
  2 centaur zombies (Ossuary)
  3 hounds
  2 gnoll boudas (D:8)
  3 orc priests
  3 jellies
  A sleepcap (D:5)
  3 iguanas (D:5)
  14 orc wizards
  4 hound zombies (Ossuary)
  2 mummies (Ossuary)
  19 gnolls
  10 adders
  A shadow imp (D:5)
  2 white imps
  4 ufetubi
  3 adder zombies (Ossuary)
  A ribbon worm (D:2)
  33 orcs
  7 ball pythons
  6 bats
  8 endoplasms
  2 giant cockroaches (D:1)
  3 gnoll zombies (Ossuary)
  4 goblins
  5 hobgoblins
  5 jackals
  4 quokkas
  3 frilled lizards
  11 jackal zombies (Ossuary)
  26 kobolds
  6 kobold zombies (Ossuary)
  5 orc zombies (Ossuary)
  4 rats
390 creatures vanquished.

Notes
Turn   | Place    | Note
-------+----------+-------------------------------------------
     0 | D:1      | Curundu the Minotaur Berserker began the quest for the Orb.
     0 | D:1      | Reached XP level 1. HP: 19/19 MP: 0/0
   112 | D:1      | Reached XP level 2. HP: 19/27 MP: 1/1
   264 | D:1      | Reached skill level 4 in Axes
   655 | D:2      | Reached XP level 3. HP: 33/33 MP: 2/2
   659 | D:2      | Identified the +1 ring mail of Optimism {Str+3}
   882 | D:2      | Found a faded altar of an unknown god.
   921 | D:2      | Identified the +1 dagger "Veplaix" {drain, ^Contam Str+5}
  1349 | D:3      | Reached XP level 4. HP: 35/41 MP: 3/3
  1551 | D:3      | Reached ** piety under Trog
  2048 | D:3      | Reached skill level 5 in Axes
  2053 | D:3      | Found an iron altar of Okawaru.
  2212 | D:4      | Noticed a phantom
  2228 | D:4      | Killed a phantom
  2229 | D:4      | Reached XP level 5. HP: 42/47 MP: 4/4
  2270 | D:4      | Found a staircase to the Ecumenical Temple.
  2281 | D:4      | Reached skill level 5 in Fighting
  2396 | D:4      | Reached skill level 6 in Axes
  2419 | D:4      | Reached XP level 6. HP: 43/56 MP: 5/5
  3033 | Temple   | Entered the Ecumenical Temple
  3050 | D:5      | Entered Level 5 of the Dungeon
  3162 | D:5      | Reached skill level 7 in Axes
  3162 | D:5      | Reached XP level 7. HP: 59/62 MP: 6/6
  3162 | D:5      | Noticed Grinder
  3170 | D:5      | Killed Grinder
  3171 | D:5      | Reached skill level 5 in Armour
  3172 | D:5      | Reached skill level 8 in Axes
  3189 | D:5      | Reached *** piety under Trog
  3463 | D:5      | Found a hide-covered altar of Uskayaw.
  3463 | D:5      | Found an ancient bone altar of Kikubaaqudgha.
  3653 | D:5      | Reached XP level 8. HP: 71/71 MP: 7/7
  3659 | D:5      | Found a bloodstained altar of Trog.
  3771 | D:6      | Noticed a two-headed ogre
  3772 | D:6      | Noticed Eustachio
  3781 | D:6      | Killed a two-headed ogre
  3782 | D:6      | Reached skill level 10 in Axes
  3785 | D:6      | Killed Eustachio
  3938 | D:6      | Reached skill level 11 in Axes
  4059 | D:6      | Found a sand-covered staircase.
  4065 | Ossuary  | Entered an ossuary
  4140 | Ossuary  | Reached XP level 9. HP: 71/79 MP: 8/8
  4185 | Ossuary  | Reached **** piety under Trog
  4332 | D:6      | Noticed Sigmund
  4354 | D:6      | Killed Sigmund
  4685 | D:7      | Identified the +10 trident of Tecrisek {elec, rElec}
  4701 | D:7      | Reached skill level 12 in Axes
  4791 | D:7      | Found a glowing silver altar of Zin.
  4791 | D:7      | Noticed an angel
  5546 | D:8      | Found a staircase to the Lair.
  5550 | D:8      | Reached skill level 13 in Axes
  5554 | D:8      | Reached XP level 10. HP: 70/91 MP: 9/9
  5617 | D:8      | Identified the +2 ring mail "Cegoklafae" {rElec rC++ Will-
                  | Regen+}
  6049 | D:8      | Found a broken altar of Ashenzari.
  6271 | D:8      | Reached ***** piety under Trog
  6543 | D:8      | Reached skill level 14 in Axes
  6861 | D:9      | Found a hazy altar of Hepliaklqana.
  6922 | D:9      | Reached skill level 10 in Fighting
  7113 | D:9      | Noticed Erica
  7122 | D:9      | Killed Erica
  7561 | D:10     | Entered Level 10 of the Dungeon
  7786 | D:10     | Reached skill level 15 in Axes
  7853 | D:10     | Found a blossoming altar of Fedhas.
  7863 | D:10     | Reached XP level 11. HP: 100/101 MP: 10/10
  7928 | D:10     | Identified the +7 dire flail of Wowoudua {venom, rN+ Will+}
  7928 | D:10     | Noticed a two-headed ogre
  7928 | D:10     | Noticed knightboat's ghost (novice MiHu)
  7929 | D:10     | Noticed a two-headed ogre
  7930 | D:10     | Found a transporter.
  7930 | D:10     | Noticed a two-headed ogre
  7932 | D:10     | Noticed a two-headed ogre
  7934 | D:10     | Found a transporter.
  8009 | D:10     | Found a shadowy altar of Dithmenos.
  8056 | D:10     | Found a snail-covered altar of Cheibriados.
  8157 | D:10     | Found Wuhysom's Magic Scroll Shoppe.
  8163 | D:10     | Bought a scroll of identify for 26 gold pieces
  8163 | D:10     | Bought a scroll of identify for 26 gold pieces
  8163 | D:10     | Bought a scroll of enchant weapon for 97 gold pieces
  8343 | D:10     | Killed a two-headed ogre
  8343 | D:10     | Killed a two-headed ogre
  8347 | D:10     | Killed a two-headed ogre
  8350 | D:10     | Killed knightboat's ghost
  8350 | D:10     | Killed a two-headed ogre
  8351 | D:10     | Reached skill level 16 in Axes
  8351 | D:10     | Reached skill level 10 in Armour
  9385 | D:11     | Noticed a soul eater
  9544 | D:11     | Noticed an orb spider
  9561 | D:11     | Killed an orb spider
  9935 | D:12     | Noticed Josephine
  9997 | D:12     | Killed Josephine
 10467 | D:12     | Reached XP level 12. HP: 112/112 MP: 11/11
 10670 | D:12     | Noticed a two-headed ogre
 10673 | D:12     | Noticed a two-headed ogre
 10677 | D:12     | Killed a two-headed ogre
 10683 | D:12     | Killed a two-headed ogre
 10684 | D:12     | Reached skill level 1 in Stealth
 10768 | D:12     | Identified the +4 long sword of Geyd {protect, ^Drain rPois
                  | rN+++ Str+5}
 10835 | D:12     | Found a staircase to the Orcish Mines.
 11418 | D:13     | Noticed a tengu warrior
 11442 | D:13     | Killed a tengu warrior
 11443 | D:13     | Reached skill level 17 in Axes
 11669 | D:13     | Received a gift from Trog
 11670 | D:13     | Reached skill level 1 in Shields
 11695 | D:13     | Noticed a centaur warrior
 11699 | D:13     | Found Vobim's Weapon Emporium.
 11707 | D:13     | Killed a centaur warrior
 11884 | D:13     | Noticed a tengu warrior
 11894 | D:13     | Killed a tengu warrior
 12005 | D:13     | Noticed a two-headed ogre
 12006 | D:13     | Noticed a two-headed ogre
 12008 | D:13     | Killed a two-headed ogre
 12010 | D:13     | Killed a two-headed ogre
 12020 | D:13     | Reached skill level 5 in Dodging
 12261 | D:13     | Found a gate to the Vaults.
 12297 | D:13     | Noticed a boulder beetle
 12322 | D:13     | Killed a boulder beetle
 12323 | D:13     | Reached XP level 13. HP: 59/123 MP: 12/12
 13742 | D:14     | Found a transporter.
 13742 | D:14     | Found a transporter.
 13742 | D:14     | Noticed cdecastro's ghost (journeyman DrSh)
 13983 | D:14     | Found a gate leading to a gauntlet.
 14016 | Gauntlet | Entered a Gauntlet
 14016 | Gauntlet | Found a large runed translucent door.
 14016 | Gauntlet | Found a large runed translucent door.
 14016 | Gauntlet | Found a large runed translucent door.
 14016 | Gauntlet | Found a large runed translucent door.
 14016 | Gauntlet | Found a large runed translucent door.
 14016 | Gauntlet | Found a large runed translucent door.
 14016 | Gauntlet | Found a runed translucent door.
 14016 | Gauntlet | Found a transporter.
 14016 | Gauntlet | Found a runed translucent door.
 14016 | Gauntlet | Found a large runed translucent door.
 14016 | Gauntlet | Found a large runed translucent door.
 14016 | Gauntlet | Found a large runed translucent door.
 14016 | Gauntlet | Found a large runed translucent door.
 14016 | Gauntlet | Found a large runed translucent door.
 14016 | Gauntlet | Found a large runed translucent door.
 14017 | Gauntlet | Found a large runed translucent door.
 14017 | Gauntlet | Found a large runed translucent door.
 14017 | Gauntlet | Found a large runed translucent door.
 14017 | Gauntlet | Found a large runed translucent door.
 14020 | Gauntlet | Found a transporter.
 14021 | Gauntlet | Found a runed translucent gate.
 14021 | Gauntlet | Found a runed translucent gate.
 14021 | Gauntlet | Found a runed translucent gate.
 14023 | Gauntlet | Found a transporter.
 14023 | Gauntlet | Found a transporter.
 14026 | Gauntlet | Found a transporter.
 14027 | Gauntlet | Found a transporter.
 14031 | Gauntlet | Found a runed translucent door.
 14033 | Gauntlet | Found a runed translucent door.
 14035 | Gauntlet | Found a transporter.
 14036 | Gauntlet | Found a transporter.
 14058 | Gauntlet | Found a transporter.
 14084 | Gauntlet | Found a transporter.
 14084 | Gauntlet | Found a transporter.
 14088 | Gauntlet | Found a transporter.
 14194 | Gauntlet | Reached skill level 1 in Maces & Flails
 14317 | Gauntlet | Identified the +0 cloak of Kot Poqeh {rPois rCorr Int+5
                  | Dex-2}
 14444 | Gauntlet | Found the ring of the Octopus King {rCorr HP+2 AC+2 EV+2
                  | SH+2}
 14444 | Gauntlet | Noticed a minotaur
 14451 | Gauntlet | Killed a minotaur
 15219 | D:15     | Entered Level 15 of the Dungeon
 15252 | D:15     | Reached skill level 5 in Shields
 15433 | D:15     | Noticed a stone giant
 15440 | D:15     | Slain by a two-headed ogre

Illustrated notes

Levels and vault maps discovered:
D:1:      saegor_arrival_simple_d, layout_rooms, serial_aquarium,
          aquarium_bridge_square [aquarium_subvault_wall,
          aquarium_subvault_bridge, aquarium_subvault_bridge,
          aquarium_subvault_wall], aquarium_window_fake, aquarium_window_corner,
          aquarium_view_2d, aquarium_balcony_3a, minmay_misc_feat_rugged
D:2:      layout_basic, shapermc_ecumenical_altar_totnotflames
D:3:      layout_basic, okawaru_metal_pillars_3
D:4:      layout_loops_ring, minmay_temple_entry_butterflies
D:5:      layout_rooms, jmf_multi_god_temple, mainiacjoe_overflow_alcove_4,
          uniq_grinder
D:6:      layout_rooms, enter_ossuary_2, uniq_sigmund, uniq_eustachio
D:7:      layout_basic, zin_angel
D:8:      layout_basic, ashenzari_conservatory_becter, david_lair_generic,
          minmay_joined_circles
D:9:      layout_irregular_city, mainiacjoe_overflow_concentric_impassable,
          uniq_erica
D:10:     layout_roguey, mainiacjoe_overflow_big_doors, lemuel_crystal_altar,
          gammafunk_ghost_smash, serial_shops, shop, chequers_jeans
D:11:     erik_rubicon_b, layout_cave_pools
D:12:     layout_basic, erik_orc_3, uniq_josephine
D:13:     layout_layer_cave, david_vaults_1, serial_shops,
          nicolae_shop_bloodbath_and_beyond
D:14:     nicolae_cairo_tiling, layout_basic, gammafunk_ghost_hive,
          chequers_serial_rivers_room_a, gauntlet_entry_generic
D:15:     hangedman_depths_entry_civil_slaughter, layout_long_grid,
          dk_noncrumbling_2, hangedman_devilish_allure, uniq_louise
Temple:   nicolae_temple_hex_pool

Skill      XL: |  1  2  3  4  5  6  7  8  9 10 11 12 13 |
---------------+----------------------------------------+-----
Axes           | 4 5 6 7 8 11 13 15 16 17 | 17.8
Fighting       | 4 5 6 7 9 10 12 13 14 | 14.4
Armour         | 3 4 5 6 8 9 11 13 14 | 14.5
Dodging        | 3 5 6 |  6.7
Stealth        | 1 |  1.0
Shields        | 3 5 |  5.6
Maces & Flails | 4 |  4.1
Long Blades    | |  0.6

Action                     |  1- 3 |  4- 6 |  7- 9 | 10-12 | 13-15 || total
---------------------------+-------+-------+-------+-------+-------++-------
  Melee: Hand axe          |    76 |    77 |       |       |       ||   153
         Headbutt          |     9 |    16 |    44 |    89 |    38 ||   196
         Punch             |     1 |       |       |     8 |       ||     9
         War axe           |       |    33 |   176 |   437 |    89 ||   735
         Dire flail        |       |       |       |       |    31 ||    31
         Scimitar          |       |       |       |       |     4 ||     4
 Invoke: Trog's Hand       |       |     1 |     2 |    13 |     4 ||    20
         Berserk           |       |       |     2 |     6 |     3 ||    11
    Use: Scroll            |       |       |    19 |     3 |     1 ||    23
         Potion            |       |       |       |       |     3 ||     3
 Armour: Plate armour      |    67 |   108 |   188 |   426 |   172 ||   961
  Dodge: Dodged            |    37 |    46 |   108 |   181 |    77 ||   449
  Block: Buckler           |       |       |       |     9 |    23 ||    32
